 Dungeon Crawl Stone Soup version 0.29.1-4-g47bece8355 (webtiles) character file.

Game seed: 14783949371104088578

345 cheesebisquit the Chopper (level 6, -1/53 HPs)
             Began as a Minotaur Berserker on Dec 9, 2022.
             Was a Believer of Trog.
             Slain by Natasha (6 damage)
             ... on level 3 of the Dungeon.
             The game lasted 00:09:25 (2842 turns).

cheesebisquit the Chopper (Minotaur Berserker)      Turns: 2842, Time: 00:09:26

Health: -1/53      AC:  4    Str: 23    XL:     6   Next: 32%
Magic:  5/5        EV: 12    Int:  4    God:    Trog [**....]
Gold:   101        SH:  0    Dex: 10    Spells: 5/5 levels left

rFire   . . .      SeeInvis .   m - +0 war axe
rCold   . . .      Faith    .   (no shield)
rNeg    . . .      Spirit   .   d - +0 leather armour
rPois   .          Reflect  .   (helmet restricted)
rElec   .          Harm     .   q - +0 cloak
rCorr   .          Rampage  .   (no gloves)
Will    ++...                   (no boots)
Stlth   +.........              (no amulet)
HPRegen 1.17/turn               (no ring)
MPRegen 0.09/turn               (no ring)

@: strong-willed, on berserk cooldown, regenerating, slowed, very slow
A: horns 2, retaliatory headbutt
a: Renounce Religion, Berserk, Trog's Hand


You were on level 3 of the Dungeon.
You worshipped Trog.
Trog was pleased with you.
You visited 1 branch of the dungeon, and saw 3 of its levels.

You collected 149 gold pieces.
You spent 48 gold pieces at shops.

Inventory:

Hand Weapons
 a - a +0 hand axe
 m - a +0 war axe (weapon)
Missiles
 j - 7 poisoned darts (quivered)
Armour
 b - a +0 animal skin
 d - a +0 leather armour (worn)
 q - a +0 cloak (worn)
Wands
 g - a wand of mindburst (17)
Scrolls
 c - a scroll of fear {unknown}
 i - a scroll of amnesia {unknown}
 l - 2 scrolls of brand weapon {unknown}
 n - a scroll of blinking {unknown}
 o - a scroll of summoning {unknown}
 r - 3 scrolls of enchant armour {unknown}
Potions
 e - 4 potions of flight
 f - a potion of invisibility
 h - 2 potions of curing
 k - a potion of magic
 p - a potion of ambrosia
 s - a potion of attraction
 t - a potion of lignification {unknown}


   Skills:
 - Level 4.3 Fighting
 + Level 7.4 Axes
 - Level 3.4 Armour
 - Level 3.1 Dodging


You had 5 spell levels left.
You didn't know any spells.
Your spell library was empty.

Dungeon Overview and Level Annotations

Branches:
Dungeon (3/15)

Altars:
Vehumet

Shops:
D:3 (=*?

Annotations:
D:3 1 runed translucent door, GigaChad's ghost, amateur MiMo; Natasha


Innate Abilities, Weirdness & Mutations

You have a pair of horns on your head.
You reflexively headbutt those who attack you in melee.


Message History

You slash the goblin!
You kill the goblin!
Trog accepts your kill.
The hobgoblin zaps a wand.
Your mind is blasted!
* * * LOW HITPOINT WARNING * * *
You feel a strong urge to attack something.
The hobgoblin hits you but does no damage.
Items here: ))))))))))) [[[[[[ ††††††.
You closely miss the hobgoblin. You slash the hobgoblin!
You feel the power of Trog in you as your rage grows.
You kill the hobgoblin!
Trog accepts your kill.
You start resting.
You feel a strong urge to attack something.
Natasha, Servant of Life and Death comes into view.
Items here: ))))))))))) [[[[[[ ††††††.
Found Lextiv's Jewellery Boutique.
Found a stone staircase leading down.
You feel your anger nearly subside.
You are no longer berserk.
You are exhausted.
You feel yourself slow down.
g - a wand of mindburst (17);
u - a scroll of identify You see here a hobgoblin corpse.
Natasha howls an incantation.
You feel disoriented.
You see here a scroll labelled SALAIG WIEHEKH.
Natasha howls an incantation.
You feel troubled.
As you read the scroll of identify, it crumbles to dust.
s - a potion of attraction You barely miss Natasha.
Your headbutt misses Natasha.
Natasha mumbles some strange words.
Natasha claws you.
* * * LOW HITPOINT WARNING * * *
Your skin crawls.
You feel strong-willed. Natasha claws you.
* * * LOW HITPOINT WARNING * * *
Natasha claws you.
You die...

........##
........>##
..........## #
...........###.#
..∩.............
........$#.∩.#..
...............#
.......5@# # ###
.......h## .# ~~~
##.####)# #<# ~$~
#.# ###..#. ~~~
#)###..... ######
##..##..# #.###.
#.......#######..##.
#.##.##..........##.
#. #.##.#######..##.


You could see an iron imp (summoned) and Natasha.

Vanquished Creatures
  2 ogres (D:3)
  Crazy Yiuf (D:2)
  Natasha (twice) (D:3)
  Robin (D:3)
  2 adders (D:2)
  5 orcs (D:3)
  6 endoplasms
  2 giant cockroaches
  9 goblins
  11 hobgoblins
  A kobold (D:1)
  4 ball pythons
  8 bats
  2 frilled lizards (D:1)
  7 rats
63 creatures vanquished.

Notes
Turn   | Place    | Note
-------+----------+-------------------------------------------
     0 | D:1      | cheesebisquit the Minotaur Berserker began the quest for
                  | the Orb.
     0 | D:1      | Reached XP level 1. HP: 19/19 MP: 0/0
   127 | D:1      | Reached XP level 2. HP: 27/27 MP: 1/1
   579 | D:1      | Reached skill level 4 in Axes
   785 | D:1      | Reached ** piety under Trog
  1097 | D:2      | Reached XP level 3. HP: 25/33 MP: 2/2
  1515 | D:2      | Found a faded altar of an unknown god.
  2065 | D:2      | Found a runed translucent door.
  2066 | D:2      | Noticed Crazy Yiuf
  2176 | D:2      | Killed Crazy Yiuf
  2177 | D:2      | Reached XP level 4. HP: 41/41 MP: 3/3
  2379 | D:3      | Noticed an ogre
  2386 | D:3      | Killed an ogre
  2387 | D:3      | Reached skill level 5 in Axes
  2387 | D:3      | Reached XP level 5. HP: 24/47 MP: 4/4
  2572 | D:3      | Found a radiant altar of Vehumet.
  2606 | D:3      | Found Atiygrimn's Magic Scroll Shoppe.
  2629 | D:3      | Noticed Natasha
  2634 | D:3      | Killed Natasha
  2635 | D:3      | Reached skill level 6 in Axes
  2671 | D:3      | Found a runed translucent door.
  2672 | D:3      | Noticed GigaChad's ghost (amateur MiMo)
  2711 | D:3      | Bought a scroll of identify for 24 gold pieces
  2711 | D:3      | Bought a scroll of identify for 24 gold pieces
  2728 | D:3      | Found Guivef's General Store.
  2760 | D:3      | Noticed an ogre
  2761 | D:3      | Found Kuurph's Weapon Shop.
  2770 | D:3      | Noticed Robin
  2774 | D:3      | Killed an ogre
  2775 | D:3      | Reached skill level 7 in Axes
  2775 | D:3      | Reached XP level 6. HP: 53/53 MP: 5/5
  2777 | D:3      | Noticed Natasha
  2793 | D:3      | Killed Robin
  2827 | D:3      | Killed Natasha
  2834 | D:3      | Noticed Natasha
  2836 | D:3      | Found Lextiv's Jewellery Boutique.
  2842 | D:3      | Slain by Natasha

Illustrated notes

Levels and vault maps discovered:
D:1:      minmay_arrival_arboretum_small, layout_basic, st_stairs_3
D:2:      layout_loops_ring, hellmonk_ecumenical_altar_inner_sanctum,
          minmay_misc_feat_encased, uniq_crazy_yiuf_cottage
D:3:      layout_rooms, mainiacjoe_overflow_cross_hatched, serial_shops,
          nicolae_shop_stone, nicolae_shop_statue_plus, shop, shop,
          ebering_ghost_sewer_f, uniq_robin, uniq_natasha, uniq_ijyb

Skill      XL: |  1  2  3  4  5 |
---------------+----------------+-----
Axes           | 4 5 7 |  7.4
Fighting       | 4 |  4.3
Armour         | 3 |  3.4
Dodging        | 3 |  3.1

Action                   |  1- 3 |  4- 6 || total
-------------------------+-------+-------++-------
Melee: Hand axe          |    73 |       ||    73
       Headbutt          |    13 |     8 ||    21
       War axe           |    20 |    66 ||    86
Invok: Berserk           |     1 |     4 ||     5
       Trog's Hand       |       |     4 ||     4
  Use: Scroll            |       |     6 ||     6
       Potion            |       |     1 ||     1
Armor: Animal skin       |     8 |       ||     8
       Leather armour    |    32 |    15 ||    47
Dodge: Dodged            |    64 |    48 ||   112
